 Dungeon Crawl Stone Soup version 0.18.1-50-g88ac8fd (webtiles) character file.

1841 Gargoyl the Skirmisher (level 8, 0/65 HPs)
             Began as a Demonspawn Abyssal Knight on Oct 18, 2016.
             Was a Priest of Lugonu.
             Slain by an orc warrior
             ... wielding a +0 halberd
              (24 damage)
             ... on level 6 of the Dungeon.
             The game lasted 00:12:17 (5744 turns).

Gargoyl the Skirmisher (Demonspawn Abyssal Knight)  Turns: 5744, Time: 00:12:18

Health: 0/65       AC: 10    Str: 16    XL:     8   Next: 87%
Magic:  9/9        EV: 14    Int: 13    God:    Lugonu [***...]
Gold:   193        SH:  0    Dex: 12    Spells: 0 memorised, 7 levels left

rFire  + . .     SeeInvis .     f - +3 halberd (venom)
rCold  + . .     Gourm    .     g - +3 leather armour of Mamadwur {rPois rF+}
rNeg   . . .     Faith    .     (shield currently unavailable)
rPois  +         Spirit   .     (helmet restricted)
rElec  .         Dismiss  .     (no cloak)
rCorr  .         Reflect  .     (no gloves)
SustAt .         Harm     .     (no boots)
MR     .....                    F - amulet of rage
Stlth  +.........               r - +2 ring of protection
                                e - ring of protection from cold

@: confused, not resistant to hostile enchantments, very unstealthy
A: antennae 1, thin metallic scales 1, powered by death 1
a: Depart the Abyss, Bend Space, Banish, Renounce Religion, Evoke Berserk Rage


You were on level 6 of the Dungeon.
You worshipped Lugonu.
Lugonu was most pleased with you.
You were not hungry.

You visited 1 branch of the dungeon, and saw 6 of its levels.
You visited the Abyss 1 time.

You collected 426 gold pieces.
You spent 233 gold pieces at shops.

Inventory:

Hand Weapons
 f - a +3 halberd of venom (weapon)
 B - a +0 war axe
 E - a +0 war axe
Missiles
 x - 5 tomahawks (quivered)
Armour
 g - the +3 leather armour of Mamadwur (worn) {rPois rF+}
   (You found it on level 3 of the Abyss)

   It protects you from fire.
   It protects you from poison.
Jewellery
 e - a ring of protection from cold (left hand)
 r - a +2 ring of protection (right hand)
 F - an amulet of rage (around neck)
Wands
 q - a wand of digging (24/24)
 y - a wand of enslavement (4/24)
 z - a wand of flame (26/48)
 J - a wand of slowing (14/48)
Scrolls
 d - 3 scrolls of remove curse
 i - 4 scrolls of magic mapping
 w - 3 scrolls of teleportation
 A - 2 scrolls of enchant armour
Potions
 b - a potion of curing
 h - a potion of berserk rage {unknown}
 j - 2 potions of might {unknown}
 l - 2 potions of lignification
 m - a potion of brilliance {unknown}
 n - 2 potions of agility {unknown}
 s - 3 potions of heal wounds
 v - a potion of cure mutation {unknown}
 I - 2 potions of flight {unknown}
Books
 a - a Fen Folio

   Spells                             Type                      Level
   a - Corpse Rot                     Necromancy                   2
   b - Stone Arrow                    Conjuration/Earth            3
   c - Leda's Liquefaction            Hexes/Earth                  4
   d - Summon Forest                  Summoning/Translocation      5
   e - Hydra Form                     Transmutation                6
   f - Summon Hydra                   Summoning                    7
Comestibles
 c - 4 bread rations
 k - a royal jelly
 o - 4 chunks of flesh
 p - a beef jerky
 t - a meat ration
 C - 5 fruits


   Skills:
 + Level 6.8 Fighting
 + Level 1.8(3.7) Axes
 + Level 5.1(5.3) Polearms
 + Level 1.3 Throwing
 + Level 3.6 Armour
 + Level 5.8 Dodging
 + Level 0.8 Stealth
 + Level 2.6 Invocations


You had 7 spell levels left.
You didn't know any spells.

Dungeon Overview and Level Annotations

Branches:
Dungeon (6/15)             Temple (0/1) D:5

Altars:
Fedhas
Gozag
Kikubaaqudgha
Okawaru
Ru
Xom

Shops:
D:4 ?


Innate Abilities, Weirdness & Mutations

You have a pair of small antennae on your head.
You are partially covered in thin metallic scales (AC +2).
You regenerate a little health from kills.


Message History

The orc wizard points at you and mumbles some strange words.
The magic dart hits you!
You miss the orc wizard. The orc wizard closely misses you.
The orc warrior misses you.
The orc wizard points at you and mumbles some strange words.
You are confused.
You barely miss the orc wizard. The orc warrior misses you.
The orc wizard gestures at you while chanting.
The magic dart hits you!
You're too confused to move!
The orc warrior hits you with a halberd!
* * * LOW HITPOINT WARNING * * *
The orc wizard closely misses you.
The orc warrior hits you with a halberd!
* * * LOW HITPOINT WARNING * * *
You're too confused!
Drink which item? (? for menu, Esc to quit)
You feel much better.
The orc warrior hits you with a halberd!!
You die...

**,,** *,*,,,,* #........
**,*,***,,*#*,*** #........
#..#*.##,,.#.*,,* ##..).....
...##...,,...####** #.o.......
#.....#,,*#.*...,,* ###(>.......
......#*.##.*#.#######.....###...
......##.##.##.##.#.o.....## **,.
......##.##......o#.......# *,,
..............##@oo.###...# *,,
.........#....###.#...#...#* *,,
.......#......##.##...#....# *,,
...........##....#....#....#* *,,
..........###........#......#**,,
.....................##......,,,,
...................###,...*******
.....†.............#**,,.#*
.).#.........##....#*,,,,*


You could see an orc warrior, an orc wizard and an orc.

Vanquished Creatures
  Prince Ribbit (D:5)
  Menkaure (D:5)
  The ghost of Gargoyl the Skirmisher, an amateur DsAK of Lugonu (D:3)
  A phantom (D:6)
  2 centaurs (D:5)
  2 ogres
  A giant frog (D:6)
  A scorpion (D:5)
  A centaur zombie (D:6)
  2 crimson imps
  3 hounds (D:4)
  2 centaur skeletons
  2 orc priests (D:4)
  6 orc wizards
  2 iguanas
  8 worker ants
  9 adders
  A shadow imp (D:5)
  2 adder skeletons
  2 worms
  2 dart slugs (D:1)
  3 giant geckos
  16 orcs
  3 giant cockroaches
  7 goblins
  4 hobgoblins
  4 jackals (D:4)
  3 quokkas
  5 bats
  5 giant newts
  6 kobolds
  A quokka zombie (D:5)
  3 rats (D:2)
112 creatures vanquished.

Vanquished Creatures (others)
  4 toadstools (D:1)
4 creatures vanquished.

Grand Total: 116 creatures vanquished

Notes
Turn   | Place    | Note
--------------------------------------------------------------
     0 | Abyss:1  | Gargoyl the Demonspawn Abyssal Knight began the quest for the Orb.
     0 | Abyss:1  | Reached XP level 1. HP: 18/18 MP: 2/2
    36 | Abyss:1  | Noticed a small abomination
   162 | Abyss:3  | Noticed a raiju
   164 | Abyss:3  | Got a warped leather armour
   165 | D:1      | Escaped the Abyss
   176 | D:1      | Identified the +3 leather armour of Mamadwur {rPois rF+} (You found it on level 3 of the Abyss)
   339 | D:1      | Reached skill level 1 in Dodging
   514 | D:1      | Gained mutation: You are partially covered in thin metallic scales (AC +2). [demonic ancestry]
   514 | D:1      | Reached XP level 2. HP: 20/24 MP: 3/3
   522 | D:1      | Reached * piety under Lugonu
  1114 | D:2      | Found an opulent altar of Gozag.
  1227 | D:2      | Gained mutation: You have a pair of small antennae on your head. [demonic ancestry]
  1227 | D:2      | Reached XP level 3. HP: 28/29 MP: 4/4
  1571 | D:2      | Reached skill level 1 in Polearms
  1796 | D:2      | Found a shimmering altar of Xom.
  1923 | D:3      | Reached XP level 4. HP: 37/37 MP: 5/5
  1957 | D:3      | Reached skill level 4 in Fighting
  1962 | D:3      | Found an opulent altar of Gozag.
  1963 | D:3      | Found a sacrificial altar of Ru.
  1970 | D:3      | Found an iron altar of Okawaru.
  2151 | D:3      | Reached ** piety under Lugonu
  2705 | D:3      | Noticed Gargoyl's ghost (amateur DsAK)
  2791 | D:3      | Killed Gargoyl's ghost
  2791 | D:3      | Gained mutation: You regenerate a little health from kills. [demonic ancestry]
  2791 | D:3      | Reached XP level 5. HP: 13/42 MP: 6/6
  3191 | D:4      | Reached XP level 6. HP: 49/49 MP: 7/7
  3312 | D:4      | Found Neuckeb's Magic Scroll Shoppe.
  3321 | D:4      | Bought a scroll of teleportation for 39 gold pieces
  3321 | D:4      | Bought a scroll of enchant armour for 97 gold pieces
  3321 | D:4      | Bought a scroll of enchant armour for 97 gold pieces
  3681 | D:4      | Reached XP level 7. HP: 54/55 MP: 8/8
  3701 | D:4      | Reached skill level 5 in Fighting
  3710 | D:4      | Found an ancient bone altar of Kikubaaqudgha.
  4046 | D:5      | Entered Level 5 of the Dungeon
  4046 | D:5      | Found a blossoming altar of Fedhas.
  4054 | D:5      | Noticed Menkaure
  4489 | D:5      | Killed Menkaure
  4504 | D:5      | Found a staircase to the Ecumenical Temple.
  4671 | D:5      | Noticed Prince Ribbit
  4695 | D:5      | Killed Prince Ribbit
  4695 | D:5      | Reached XP level 8. HP: 39/64 MP: 9/9
  4957 | D:5      | Reached *** piety under Lugonu
  4957 | D:5      | Reached skill level 5 in Dodging
  5104 | D:5      | Reached skill level 6 in Fighting
  5126 | D:5      | Reached skill level 1 in Throwing
  5573 | D:6      | Found a glowing drain.
  5680 | D:6      | Reached skill level 5 in Polearms
  5743 | D:6      | HP: 3/65 [orc warrior/halberd (15)]
  5744 | D:6      | Slain by an orc warrior

Skill      XL: |  1  2  3  4  5  6  7  8 |
---------------+-------------------------+-----
Dodging        | 1 2 3 4 5 |  5.8
Armour         | 2 3 |  3.6
Polearms       | 1 2 3 4 5 |  5.1
Fighting       | 4 5 6 |  6.8
Throwing       | 1 |  1.3
Axes           | |  1.8
Stealth        | |  0.8
Invocations    | |  2.6

Action                   |  1- 3 |  4- 6 |  7- 9 || total
-------------------------+-------+-------+-------++-------
Melee: Halberd           |    89 |   116 |   160 ||   365
Throw: Tomahawk          |       |       |     8 ||     8
Invok: Depart the Abyss  |     1 |       |       ||     1
 Abil: Evoke Berserk Rag |       |       |     1 ||     1
  Use: Potion            |       |     2 |     3 ||     5
       Scroll            |       |     5 |     6 ||    11
  Eat: Chunk             |     3 |     6 |     3 ||    12
       Bread ration      |       |       |     1 ||     1
Armor: Leather armour    |    43 |    52 |    43 ||   138
       Skin              |       |     8 |     6 ||    14
Dodge: Dodged            |    71 |    79 |   120 ||   270
